 Dungeon Crawl Stone Soup version 0.32-a0-705-g60f233581c (webtiles) character file.

Game seed: 13128595435283675962

2116 seren the Ruffian (level 9, -6/43 HPs)
             Began as an Octopode Shapeshifter on Mar 13, 2024.
             Was an Initiate of Gozag.
             Killed from afar by an electric eel (16 damage)
             ... with a bolt of electricity
             ... on level 8 of the Dungeon on Mar 14, 2024.
             The game lasted 00:19:46 (7354 turns).

seren the Ruffian (Octopode Shapeshifter)           Turns: 7354, Time: 00:19:47

Health: -6/43      AC:  6    Str: 21    XL:     9   Next: 29%
Magic:  9/9        EV:  5    Int: 12    God:    Gozag
Gold:   330        SH:  0    Dex: 13    Spells: 8/8 levels left

rFire   . .          .
                       - Unarmed
rCold   . . .        (shield currently unavailable)
rNeg    . . .        (helmet currently unavailable)
rPois   +            (no amulet)
rElec   .            t - ring of see invisible
rCorr   .            z - ring of poison resistance
SInv    +            (no ring)
Will    .....        (no ring)
Stlth   +++          (no ring)
HPRegen 0.27/turn    (no ring)
MPRegen 0.11/turn    (no ring)
                     (no ring)

%: no passive effects
@: snake-form, held
A: constrict, reduced hp, almost no armour, amphibious, 8 rings, large,
(camouflage 1), (gelatinous body 1), (nimble swimmer 1), (tentacles)
a: Begin Untransformation, Renounce Religion, Potion Petition, Call Merchant,
Bribe Branch


You were on level 8 of the Dungeon.
You worshipped Gozag.
Gozag was aware of your devotion.
You were an enormous serpent.
You visited 2 branches of the dungeon, and saw 9 of its levels.

You collected 517 gold pieces.
You paid 187 gold pieces to Gozag.

Inventory:

Missiles
 f - 8 poisoned darts (quivered)
 j - 62 stones
 p - 2 boomerangs
Jewellery
 t - a ring of see invisible (left tentacle)
 z - a ring of poison resistance (right tentacle)
Talismans
 b - a beast talisman
 c - a flux talisman
 d - a serpent talisman (active)
Wands
 u - a wand of charming (2)
 v - a wand of flame (4)
Scrolls
 e - a scroll of enchant weapon {unknown}
 g - a scroll of torment
 i - 2 scrolls of teleportation {!r}
 k - a scroll of silence {unknown}
 q - a scroll of summoning {unknown}
 r - a scroll of fog
 w - a scroll of acquirement {unknown}
 x - 2 scrolls of immolation
 y - a scroll of blinking {unknown}
 D - a scroll of identify
Potions
 a - 2 potions of lignification
 h - a potion of enlightenment {unknown}
 l - a potion of ambrosia {unknown}
 m - a potion of might {unknown}
 n - a potion of invisibility {unknown}
 o - 3 potions of heal wounds
 s - 2 potions of attraction {unknown}
 A - 2 potions of haste {unknown}
 B - a potion of curing
 C - a potion of brilliance {unknown}


   Skills:
 + Level 4.4 Fighting
 + Level 4.7 Dodging
 - Level 5.0 Stealth
 + Level 6.4 Unarmed Combat
 + Level 5.0 Evocations
 * Level 6.1 Shapeshifting


You had 8 spell levels left.
You didn't know any spells.
Your spell library contained the following spells:

 Spells                   Type           Power      Damage    Failure   Level
 Sandblast                Erth           0%         2d4       32%         1
 Slow                     Hex            0%         N/A       32%         1
 Summon Small Mammal      Summ           0%         N/A       32%         1
 Call Canine Familiar     Summ           0%         N/A       69%         3
 Confusing Touch          Hex            0%         N/A       69%         3
 Inner Flame              Hex/Fire       0%         N/A       69%         3
 Sigil of Binding         Hex            0%         N/A       69%         3
 Stone Arrow              Conj/Erth      0%         3d7       69%         3
 Vampiric Draining        Necr           0%         2d6       69%         3
 Brom's Barrelling Bould  Conj/Erth      0%         2d3       97%         4
 Dimensional Bullseye     Hex/Tloc       0%         N/A       97%         4
 Irradiate                Conj/Alch      0%         3d11      100%        5
 Ignition                 Fire           0%         3d3       100%        8
 Lehudib's Crystal Spear  Conj/Erth      0%         10d2      100%        8
 Animate Armour           Summ/Erth      Unusable   N/A       N/A         4

Dungeon Overview and Level Annotations

Branches:
Dungeon (8/15)             Temple (1/1) D:6
   Lair: D:8-11

Altars:
Ashenzari
Cheibriados
Dithmenos
Fedhas
Gozag
Hepliaklqana
Kikubaaqudgha
Makhleb
Nemelex Xobeh
Okawaru
Qazlal
Ru
Sif Muna
Trog
Uskayaw
Vehumet
Wu Jian
Xom
Yredelemnul
Zin
The Shining One

Shops:
D:3 (   D:4 *   D:7 *

Annotations:
D:4 exclusions: iguana and ogre
D:5 2 transporters, exclusions: hound, ice beast and ogre, Ijyb, Prince Ribbit


Innate Abilities, Weirdness & Mutations

You are an enormous serpent.
You have a powerful constriction melee attack.
Your maximum health is decreased, since you lack skill for your form.
Your armour is entirely melded.
You are incapable of wielding weapons or throwing items.
You cannot wear most types of armour.
You are amphibious.
You can wear up to eight rings at the same time.
((Your skin changes colour to match your surroundings (Stealth+).))
((Your rubbery body absorbs attacks. (AC +1, EV +1)))
((You are camouflaged when in or above water. (Stealth+)))
((You have tentacles for arms and can constrict up to eight enemies at once.))


Message History

The gnoll throws a throwing net.
The throwing net hits you.
You become entangled in the net!
The gnoll throws a boomerang.
The boomerang hits you.
* * * LOW HITPOINT WARNING * * *
You are held in a net!
You struggle against the net.
The hound bites you but does no damage. x2
The electric eel shoots out a bolt of lightning at you!
The bolt of electricity hits you.
* * * LOW HITPOINT WARNING * * *
A gnoll comes into view. It is wielding a +0 club.
You struggle against the net.
The gnoll is no longer distracted by gold.
The hound bites you but does no damage.
You tear a large gash into the net.
The hound bites you but does no damage. The hound bites you.
* * * LOW HITPOINT WARNING * * *
The electric eel is distracted by your dazzling golden aura.
The gnoll throws a boomerang.
The boomerang hits you.
* * * LOW HITPOINT WARNING * * *
You shred the net and break free! The hound closely misses you.
The gnoll is distracted by your dazzling golden aura.
The gnoll throws a boomerang.
The boomerang closely misses you.
The electric eel is no longer distracted by gold.
The hound barely misses you. The hound bites you but does no damage.
The gnoll throws a boomerang.
The boomerang misses you.
The gnoll throws a throwing net.
The throwing net hits you.
You become entangled in the net!
The gnoll throws a boomerang.
The boomerang hits you!
* * * LOW HITPOINT WARNING * * *
A gnoll comes into view.
It is wielding a +0 club and quivering 2 throwing nets.
There is a stone staircase leading up here.
You see here a throwing net.
You struggle against the net.
The hound bites you but does no damage.
Unknown command.
As you read the scroll of fog, it dissolves into smoke.
The hound completely misses you. The hound bites you but does no damage.
The electric eel shoots out a bolt of lightning at you!
The bolt of electricity hits you!
You die...
Your body crumbles into a pile of gold.

.#...##...
##......
.##...#...≈≈.
#.....# ..
.......g≈≈..
#.....# #..
#.......≈...
##...<#
....#......≈≈g..
#..#..#
........≈≈g...
#..##....
#.#....≈.....
....###..#
#...h§§≈g....
....#
...##...§S§≈h..#
....#
...?...§§§≈g.##
.......
....##....≈g##
......#
....#...[.≈g#
......# .
#.....S..#
.......#
..#...≈...#
.......#
...#...≈≈....
.....#.
........≈≈≈..$
..


You could see a hound, an electric eel, 7 gnolls and a jackal.

Vanquished Creatures
  Pikel (D:5)
  3 ice beasts (D:7)
  A black bear (D:7)
  An ogre (D:6)
  A lemure (D:5)
  A kobold brigand (D:6)
  6 scorpions
  2 bullfrogs (D:6)
  3 jellies
  A bombardier beetle (D:3)
  2 hounds
  2 orc priests
  2 sleepcaps (D:5)
  3 orc wizards
  5 iguanas
  6 adders
  A gnoll (D:1)
  2 shadow imps
  2 white imps
  2 ufetubi (D:5)
  A dart slug (D:2)
  4 ribbon worms
  17 orcs
  2 endoplasms (D:4)
  3 giant cockroaches
  5 goblins
  3 hobgoblins
  A jackal (D:8)
  2 quokkas
  4 ball pythons
  4 bats
  4 frilled lizards
  6 kobolds
  3 rats
106 creatures vanquished.

Notes
Turn   | Place    | Note
-------+----------+-------------------------------------------
     0 | D:1      | seren the Octopode Shapeshifter began the quest for the
                  | Orb.
     0 | D:1      | Reached XP level 1. HP: 13/13 MP: 1/1
   265 | D:1      | Reached XP level 2. HP: 9/18 MP: 2/2
   265 | D:1      | Upgraded the game from 0.32-a0-699-g1ee5eff69a to
                  | 0.32-a0-705-g60f233581c
   942 | D:2      | Reached XP level 3. HP: 15/23 MP: 3/3
  1195 | D:2      | Reached skill level 1 in Stealth
  1549 | D:3      | Reached XP level 4. HP: 29/29 MP: 4/4
  1754 | D:3      | Found a hide-covered altar of Uskayaw.
  2101 | D:3      | Reached XP level 5. HP: 34/34 MP: 5/5
  2245 | D:3      | Found Qara's Weapon Emporium.
  2426 | D:4      | You fall into a shaft and drop 3 floors!
  2430 | D:7      | Found a shimmering blue altar of Sif Muna.
  2453 | D:7      | Noticed an ice beast
  2509 | D:6      | Reached skill level 1 in Evocations
  2609 | D:5      | Entered Level 5 of the Dungeon
  2710 | D:5      | Reached XP level 6. HP: 29/41 MP: 6/6
  2860 | D:5      | Noticed an ice beast
  2881 | D:5      | Found a bloodstained altar of Trog.
  3154 | D:5      | Noticed an orc warrior
  3157 | D:5      | Noticed a yak
  3252 | D:4      | Reached XP level 7. HP: 28/45 MP: 7/7
  3522 | D:4      | Found a shimmering altar of Xom.
  3528 | D:4      | Found Gaantuqe's Elemental Accessories.
  3993 | D:5      | Noticed Ijyb
  4098 | D:5      | Found a blossoming altar of Fedhas.
  4098 | D:5      | Noticed a two-headed ogre
  4102 | D:5      | Found a transporter.
  4116 | D:5      | Found a transporter.
  4196 | D:5      | Noticed Pikel
  4231 | D:5      | Killed Pikel
  4232 | D:5      | Reached skill level 5 in Stealth
  4232 | D:5      | Reached skill level 5 in Unarmed Combat
  4232 | D:5      | Reached XP level 8. HP: 48/52 MP: 8/8
  4480 | D:5      | Noticed Prince Ribbit
  5154 | D:6      | Reached skill level 5 in Shapeshifting
  5769 | D:6      | Found a staircase to the Ecumenical Temple.
  5778 | Temple   | Entered the Ecumenical Temple
  6344 | D:7      | Found an opulent altar of Gozag.
  6374 | D:7      | Became a worshipper of Gozag Ym Sagoz the Greedy
  6420 | D:7      | Found Ozid's Assorted Antiques.
  6447 | D:7      | Reached XP level 9. HP: 16/58 MP: 9/9
  6993 | D:7      | Reached skill level 5 in Evocations
  7041 | D:7      | Got Sif Muna's Directory of the Entourage
  7354 | D:8      | Killed from afar by an electric eel

Illustrated notes

Levels and vault maps discovered:
D:1:      tekkud_arrival_beachfront_property, layout_loops_ring
D:2:      layout_loops_ring
D:3:      layout_loops_ring, nicolae_uskayaw_dance_hall, serial_shops,
          nicolae_shop_tiny_glass, kennysheep_decorative_pillar,
          chequers_serial_rivers_micro_c
D:4:      layout_cave_pools, kennysheep_little_box, nicolae_elemental_shop,
          grunt_decor_one_mirror
D:5:      kennysheep_six_static_rooms, layout_cave_pools,
          gammafunk_temple_overflow_arena, kennysheep_mini,
          dreamdust_princess_corridor, minmay_misc_feat_ornament, uniq_pikel,
          uniq_ijyb, uniq_prince_ribbit1
D:6:      layout_layer_cave, minmay_temple_entry_overgrown,
          minmay_quadrilaterals
D:7:      layout_loops_ring, mainiacjoe_overflow_concentric_impassable,
          led_sif_book, serial_shops, shop, kennysheep_dice
D:8:      layout_cave_pools, serial_gnoll_camp, gnoll_camp_huts_moat,
          gnoll_camp_mini_shop, gnoll_camp_mini_hut, gnoll_camp_mini_hut
Temple:   minmay_freezing_vapour_temple

Skill      XL: |  1  2  3  4  5  6  7  8  9 |
---------------+----------------------------+-----
Stealth        | 1 2 3 5 |  5.0
Fighting       | 2 3 4 |  4.4
Evocations     | 1 2 3 4 5 |  5.0
Dodging        | 3 4 |  4.7
Unarmed Combat | 4 5 6 |  6.4
Shapeshifting  | 4 5 6 |  6.1

Action                     |  1- 3 |  4- 6 |  7- 9 || total
---------------------------+-------+-------+-------++-------
  Melee: Unarmed           |    45 |    58 |   125 ||   228
         Constrict         |    18 |    19 |    29 ||    66
         Tentacles         |    11 |    15 |    10 ||    36
         Punch             |     3 |       |     5 ||     8
  Throw: Stone             |       |     2 |     3 ||     5
         Dart              |       |       |     3 ||     3
Ability: Begin Untransform |       |       |     1 ||     1
  Evoke: Wand              |       |       |     9 ||     9
    Use: Scroll            |       |       |     8 ||     8
         Potion            |       |       |     4 ||     4
   Stab: Sleeping          |     8 |     4 |     9 ||    21
 Armour: Skin              |    22 |    29 |    87 ||   138
  Dodge: Dodged            |    34 |    22 |    48 ||   104
   Form: Serpent           |       |       |     2 ||     2

Table legend: (Time is in decaauts)
 A = Elapsed time spent in this place.
 B = Non-inter-level travel time spent in this place.
 C = Inter-level travel time spent in this place.
 D = Time resting spent in this place.
 E = Time spent auto-exploring this place.
 F = Levels seen in this place.
 G = Mean time per level.
                   A        B        C        D        E       F      G
               +--------+--------+--------+--------+--------+-----+--------+
         Total |   7338 |   6925 |    413 |   1544 |   3696 |   9 |  815.3 |
       Dungeon |   7336 |   6923 |    413 |   1544 |   3696 |   8 |  917.0 |
        Temple |      1 |      1 |      0 |      0 |      0 |   1 |    1.0 |
               +--------+--------+--------+--------+--------+-----+--------+

Top non-repeatable levels by time:
     D:6: 1471 daAuts
     D:7: 1297 daAuts
     D:5: 1257 daAuts
     D:3: 893 daAuts
     D:4: 818 daAuts
     D:1: 787 daAuts
     D:2: 734 daAuts
     D:8: 75 daAuts
  Temple: 1 daAuts
